 Dungeon Crawl Stone Soup version 0.18.1-5-g4a78601 (webtiles) character file.

115 Scarto the Shield-Bearer (level 5, -4/33 HPs)
             Began as a Gargoyle Fighter on May 9, 2016.
             Killed by nerve-wracking pain
             ... invoked by a shadow imp
             ... summoned by Natasha
              (9 damage)
             ... on level 2 of the Dungeon.
             The game lasted 00:02:29 (1407 turns).

Scarto the Shield-Bearer (Gargoyle Fighter)         Turns: 1407, Time: 00:02:30

Health: -4/33      AC: 13    Str: 20    XL:     5   Next: 0%
Magic:  5/5        EV:  5    Int:  9    God:
Gold:   27         SH:  9    Dex:  9    Spells: 0 memorised, 4 levels left

rFire  . . .     SeeInvis .     a - +0 war axe
rCold  . . .     Gourm    .     j - +0 chain mail
rNeg   + . .     Faith    .     c - +0 shield
rPois  ∞         Spirit   .     (no helmet)
rElec  +         Dismiss  .     (no cloak)
rCorr  .         Reflect  .     (no gloves)
SustAt .         Harm     .     (no boots)
MR     .....                    (no amulet)
Stlth  ..........               (no ring)
                                (no ring)

@: slowed, very slow, not resistant to hostile enchantments, extremely
unstealthy
A: negative energy resistance 1, electricity resistance, unbreathing,
petrification resistance, rot immunity, AC +4
a: no special abilities


You were on level 2 of the Dungeon.
You were not hungry.

You visited 1 branch of the dungeon, and saw 3 of its levels.

You collected 27 gold pieces.

Inventory:

Hand Weapons
 a - a +0 war axe (weapon)
Armour
 b - a +0 scale mail
 c - a +0 shield (worn)
 j - a +0 chain mail (worn)
Jewellery
 n - an uncursed ring of sustain attributes {unknown}
Scrolls
 e - a scroll of identify {unknown}
Potions
 d - 2 potions of might
 i - 3 potions of curing {unknown}
 k - a potion of lignification {unknown}
 l - a potion of berserk rage {unknown}
 m - a potion of cancellation {unknown}
Comestibles
 f - 2 bread rations
 g - a meat ration
 h - a slice of pizza


   Skills:
 + Level 3.7 Fighting
 + Level 2.4 Axes
 + Level 3.8 Armour
 + Level 1.2 Dodging
 + Level 4.4 Shields


You had 4 spell levels left.
You didn't know any spells.

Dungeon Overview and Level Annotations

Branches:
Dungeon (3/15)

Altars:
Ashenzari
Okawaru

Annotations:
D:2 Natasha


Innate Abilities, Weirdness & Mutations

You are resistant to torment.
Your stone body is resilient (AC +4).
You are immune to poison.
You resist negative energy.
You are resistant to electric shocks.
You can survive without breathing.
You are immune to petrification.
You are immune to rotting.


Message History

You barely miss the crimson imp. Natasha claws you.
* * * LOW HITPOINT WARNING * * *
You block Natasha's attack. You block the crimson imp's attack.
The shadow imp hits you but does no damage.
The crimson imp blinks!
Natasha barely misses you.
The crimson imp hits you but does no damage.
The shadow imp hits you but does no damage.
Your chain mail prevents you from hitting Natasha.
Natasha is heavily wounded.
You slash the shadow imp!
The shadow imp is severely wounded.
You barely miss the crimson imp. You block Natasha's attack.
Natasha stares at you and mumbles some strange words.
The magic dart hits you!
The crimson imp grins evilly.
The crimson imp hits you.
* * * LOW HITPOINT WARNING * * *
The shadow imp gestures at you. Pain shoots through your body!
You die...

.. #..# #########......#### .#
#..########## #.###.## .#
#...........###.##..#####
.######.########(#.5............
......#.# ######'#.#.#########..
.####.#.# #........#.#
......#'###........#.#
..........#.....h5.#.#
...†......#....5@..#.#
..........######'#.#.#
..........# #.#.#.# ##.########
#.#.#.# #.# #.#.#)# #.# #.#.#.#
##.### #.#.#.# ...#.# #.#.#†#
.....# #.#.#.#


You could see Natasha, 2 crimson imps and a shadow imp.

Vanquished Creatures
  Ijyb (D:2)
  Natasha (twice) (D:2)
  A worm (D:2)
  A dart slug (D:1)
  2 giant geckos (D:1)
  2 giant cockroaches (D:1)
  4 goblins
  2 hobgoblins (D:2)
  4 kobolds
  A quokka (D:2)
  7 bats
  3 giant newts
  4 rats (D:1)
34 creatures vanquished.

Notes
Turn   | Place    | Note
--------------------------------------------------------------
     0 | D:1      | Scarto the Gargoyle Fighter began the quest for the Orb.
     0 | D:1      | Reached XP level 1. HP: 14/14 MP: 1/1
   111 | D:1      | Reached XP level 2. HP: 18/19 MP: 2/2
   212 | D:1      | Found a shattered altar of Ashenzari.
   472 | D:2      | Noticed Natasha
   473 | D:2      | You fall through a shaft!
   554 | D:2      | Reached XP level 3. HP: 21/23 MP: 3/3
   613 | D:2      | Found an iron altar of Okawaru.
   689 | D:2      | Noticed Ijyb
   701 | D:2      | Killed Ijyb
   701 | D:2      | Reached skill level 4 in Shields
   701 | D:2      | Reached XP level 4. HP: 24/29 MP: 4/4
   901 | D:2      | Killed Natasha
   901 | D:2      | Reached skill level 1 in Dodging
  1155 | D:2      | Noticed Natasha
  1169 | D:2      | Killed Natasha
  1368 | D:2      | Reached XP level 5. HP: 31/33 MP: 5/5
  1392 | D:2      | Noticed Natasha
  1407 | D:2      | Killed from afar by a shadow imp

Skill      XL: |  1  2  3  4 |
---------------+-------------+-----
Axes           | 2 |  2.4
Shields        | 4 |  4.4
Dodging        | 1 |  1.2
Fighting       | |  3.7
Armour         | |  3.8

Action                   |  1- 3 |  4- 6 || total
-------------------------+-------+-------++-------
Melee: War axe           |    98 |    90 ||   188
  Eat: Bread ration      |       |     1 ||     1
Armor: Scale mail        |     8 |       ||     8
       Chain mail        |    75 |    63 ||   138
Dodge: Dodged            |    28 |    37 ||    65
Block: Shield            |    64 |    63 ||   127
